 Dungeon Crawl Stone Soup version 0.27.0-1-g7a089689b8 (webtiles) character file.

Game seed: 8737672377911553916

87 Sin92 the Skirmisher (level 4, -1/35 HPs)
             Began as a Demonspawn Fighter on Aug 2, 2021.
             Slain by an endoplasm (3 damage)
             ... on level 3 of the Dungeon.
             The game lasted 00:01:40 (2070 turns).

Sin92 the Skirmisher (Demonspawn Fighter)           Turns: 2070, Time: 00:01:41

Health: -1/35      AC:  9    Str: 18    XL:     4   Next: 28%
Magic:  4/4        EV:  5    Int:  9    God:
Gold:   76         SH:  9    Dex: 12    Spells: 3/3 levels left

rFire    . . .     SeeInvis .   a - +0 flail
rCold    . . .     Faith    .   c - +0 kite shield
rNeg     . . .     Spirit   .   m - +0 chain mail
rPois    .         Reflect  .   (helmet restricted)
rElec    .         Harm     .   (no cloak)
rCorr    .         Rampage  .   (no gloves)
Will     .....                  (no boots)
Stlth    ..........             (no amulet)
HPRegen  0.11/turn              (no ring)
MPRegen  0.09/turn              (no ring)

@: no status effects
A: antennae 1
a: no special abilities


You were on level 3 of the Dungeon.
You visited 1 branch of the dungeon, and saw 3 of its levels.

You collected 76 gold pieces.

Inventory:

Hand Weapons
 a - a +0 flail (weapon)
Armour
 b - a +0 scale mail
 c - a +0 kite shield (worn)
 m - a +0 chain mail (worn)
Scrolls
 f - a scroll of blinking {unknown}
 i - a scroll of enchant weapon {unknown}
 j - a scroll of silence {unknown}
Potions
 d - a potion of might
 e - 2 potions of mutation {unknown}
 g - a potion of resistance {unknown}
 h - a potion of attraction {unknown}
 k - a potion of lignification {unknown}
 l - a potion of degeneration {unknown}


   Skills:
 + Level 3.4 Fighting
 * Level 2.8 Maces & Flails
 + Level 3.0 Armour
 + Level 1.1 Dodging
 + Level 3.1 Shields


You had 3 spell levels left.
You didn't know any spells.
Your spell library was empty.

Dungeon Overview and Level Annotations

Branches:
Dungeon (3/15)

Altars:


Innate Abilities, Weirdness & Mutations

You have a pair of small antennae on your head.


Message History

You hit the adder but do no damage.
The adder is severely wounded.
You block the adder's attack.
The endoplasm hits you but does no damage.
The adder bites you but does no damage.
You closely miss the adder.
The adder is severely wounded.
The adder bites you but does no damage. You block the endoplasm's attack.
You block the adder's attack.
The endoplasm hits you but does no damage.
You miss the adder.
The adder is severely wounded.
The adder bites you but does no damage.
The endoplasm hits you but does no damage.
You block the adder's attack. The endoplasm freezes you.
You are frozen.
You barely miss the adder.
The adder is severely wounded.
The adder closely misses you. The adder bites you but does no damage.
The endoplasm freezes you.
You are frozen.
You hit the adder.
The adder is almost dead.
The adder bites you. The endoplasm hits you.
* * * LOW HITPOINT WARNING * * *
The adder barely misses you. The endoplasm freezes you.
You are frozen.
* * * LOW HITPOINT WARNING * * *
You sock the adder!
You kill the adder!
The endoplasm hits you but does no damage.
Unknown command.
Your shield prevents you from hitting the endoplasm.
The endoplasm freezes you.
You are frozen.
* * * LOW HITPOINT WARNING * * *
The endoplasm hits you.
You die...

#...<....#
#...)....#######
#...............
#.........######
#.>.......#
...........#
.#..........#####
.
##........†J...#
####.J..##@##...#
....####....# ...
#### ........# #
#.#....###
...#....# .##
#....# . #.....
#....##


You could see an endoplasm.

Vanquished Creatures
  Terence (D:3)
  3 adders
  A worm (D:2)
  3 dart slugs
  A bat (D:1)
  An endoplasm (D:3)
  2 giant cockroaches
  3 goblins (D:2)
  2 hobgoblins (D:2)
  A quokka (D:2)
  2 ball pythons (D:2)
  A frilled lizard (D:2)
  5 kobolds
  2 rats
28 creatures vanquished.

Notes
Turn   | Place    | Note
-------+----------+-------------------------------------------
     0 | D:1      | Sin92 the Demonspawn Fighter began the quest for the Orb.
     0 | D:1      | Reached XP level 1. HP: 18/18 MP: 1/1
     0 | D:1      | Noticed a tengu
     6 | D:1      | Noticed a ghoul
    17 | D:1      | Noticed an octopode
    19 | D:1      | Noticed a minotaur skeleton
    19 | D:1      | Noticed a dwarf
   788 | D:2      | Gained mutation: You have a pair of small antennae on your
                  | head. [demonic ancestry]
   788 | D:2      | Reached XP level 2. HP: 22/24 MP: 2/2
  1228 | D:2      | Reached XP level 3. HP: 16/29 MP: 3/3
  2017 | D:3      | Noticed Terence
  2023 | D:3      | Killed Terence
  2024 | D:3      | Reached skill level 1 in Dodging
  2024 | D:3      | Reached XP level 4. HP: 25/35 MP: 4/4
  2070 | D:3      | Slain by an endoplasm

Illustrated notes

Levels and vault maps discovered:
D:1:      shiori_arrival_whats_in_store_for_you, layout_basic
D:2:      layout_rooms, kennysheep_small_spiral, kennysheep_donut
D:3:      layout_rooms, amcnicky_altar_gilded,
          dreamdust_ecumenical_altar_statues, kennysheep_potato, uniq_terence

Skill      XL: |  1  2  3 |
---------------+----------+-----
Maces & Flails | 2 |  2.8
Shields        | 3 |  3.1
Armour         | 3 |  3.0
Dodging        | 1 |  1.1
Fighting       | |  3.4

Action                   |  1- 3 |  4- 6 || total
-------------------------+-------+-------++-------
Melee: Flail             |    95 |    15 ||   110
Armor: Scale mail        |    45 |       ||    45
       Chain mail        |       |    15 ||    15
Dodge: Dodged            |    27 |     6 ||    33
Block: Kite shield       |    61 |     8 ||    69
